 Dungeon Crawl Stone Soup version 0.17-a0-1882-g750edc8 (webtiles) character file.

67633 Goblin1989 the Warrior (level 15, -1/103 HPs)
             Began as a Gargoyle Gladiator on Sept 22, 2015.
             Was the Champion of Ru.
             Slain by an emperor scorpion (8 damage)
             ... on level 1 of the Spider Nest.
             The game lasted 02:12:03 (32713 turns).

Goblin1989 the Warrior (Gargoyle Gladiator)        Turns: 32713, Time: 02:12:03

Health: -1/103     AC: 34    Str: 23    XL:     15   Next: 23%
Magic:  15/15      EV: 10    Int: 11    God:    Ru [******]
Gold:   749        SH:  0    Dex: 15    Spells: 0 memorised, 14 levels left

rFire  + + +     SeeInvis .     a - +2 quarterstaff (protect)
rCold  x . .     Clarity  .     W - +0 fire dragon armour
rNeg   + . .     SustAt   .     (no shield)
rPois  ∞         Gourm    +     c - +0 helmet
rElec  +         Spirit   .     i - +0 cloak
rCorr  .         Warding  .     Q - +2 pair of gloves
rMut   .         Stasis   .     z - +0 pair of boots "Xovavugh" {Str+3}
MR     ++...                    E - amulet "Ixienou" {Gourm rElec Int+2}
Stlth  ..........               k - ring of protection from fire
                                G - ring of protection from magic

@: no potions, no scrolls, flying, heavily drained, very resistant to hostile
enchantments, extremely unstealthy
A: big wings, negative energy resistance 1, electricity resistance, unbreathing,
petrification resistance, rot immunity, inability to drink while threatened,
inability to read while threatened, no stealth, hated by all, no hexes magic, no
poison magic, no translocations magic, unskilled 1, AC +11
a: Stop Flying, Draw Out Power, Power Leap, Apocalypse, Renounce Religion


You were on level 1 of the Spider Nest.
You worshipped Ru.
Ru was exalted by your worship.
You were very full.

You visited 5 branches of the dungeon, and saw 25 of its levels.
You also visited: Bailey.

You collected 2374 gold pieces.
You spent 1625 gold pieces at shops.

Inventory:

Hand weapons
 a - a +2 quarterstaff of protection (weapon)
 b - a +0 longbow
Missiles
 d - a throwing net
 e - a poisoned arrow
 v - 22 arrows of flame
 B - 14 arrows of frost
 C - 193 arrows (quivered)
Armour
 c - a +0 helmet (worn)
 i - a +0 cloak (worn)
 l - a +0 pair of boots
 z - the +0 pair of boots "Xovavugh" (worn) {Str+3}
   (You bought it in a shop on level 4 of the Orcish Mines)

   It affects your strength (+3).
 Q - a +2 pair of gloves (worn)
 W - a +0 fire dragon armour (worn)
Jewellery
 k - a ring of protection from fire (right hand)
 E - the amulet "Ixienou" (around neck) {Gourm rElec Int+2}
   (You bought it in a shop on level 4 of the Orcish Mines)

   [amulet of the gourmand]

   It allows you to eat raw meat even when not hungry.
   It affects your intelligence (+2).
   It insulates you from electricity.
 G - a ring of protection from magic (left hand)
Magical devices
 g - a wand of digging (6)
 A - a wand of digging (18)
Scrolls
 h - a scroll of enchant armour
 j - 4 scrolls of blinking
 n - 2 scrolls of fear
 p - 8 scrolls of teleportation
 q - 7 scrolls of remove curse
 u - 13 scrolls of recharging
 x - 3 scrolls of enchant weapon
 R - a scroll of summoning {unknown}
 S - 4 scrolls of magic mapping
 T - 9 scrolls of fog
 U - a scroll of brand weapon {unknown}
Potions
 f - 2 potions of agility
 o - 13 potions of curing
 w - 3 potions of cancellation
 D - 3 potions of resistance
 H - a potion of berserk rage
 I - 2 potions of flight
 J - a potion of haste
 K - 4 potions of heal wounds
 X - a potion of ambrosia
 Z - 2 potions of might
Comestibles
 m - 9 bread rations
 N - 11 royal jellies
 O - 10 meat rations
 V - 27 fruits


   Skills:
 - Level 15.0(13.4) Fighting
 - Level 14.0(12.4) Staves
 + Level 10.8(9.3) Bows
 - Level 1.7(0.6) Throwing
 - Level 10.3(8.8) Armour
 - Level 2.1(1.0) Dodging


You had 14 spell levels left.
You didn't know any spells.

Dungeon Overview and Level Annotations

Branches:
Dungeon (11/15)            Temple (0/1) D:7            Lair (8/8) D:11
  Swamp (1/4) Lair:6       Spider (1/4) Lair:4        Slime (0/6) Lair:6
    Orc (4/4) D:10            Elf (0/3) Orc:3

Altars:
Ashenzari
Cheibriados
Kikubaaqudgha
Nemelex Xobeh
Ru
Yredelemnul
Zin
Beogh

Shops:
D:9 ?   Orc:4 ([(*

Annotations:
D:5 barthelm's ghost, experienced GrBe
Lair:5 exclusion: ice statue


Innate Abilities, Weirdness & Mutations

You are resistant to torment.
Your stone body is resilient (AC +11).
You are immune to poison.
Your large and strong wings let you fly indefinitely.
You resist negative energy.
You are resistant to electric shocks.
You can survive without breathing.
You are immune to petrification.
You are immune to rotting.
You cannot drink potions while threatened.
You cannot read scrolls while threatened.
You cannot be stealthy.
You are hated by all.
You cannot study or cast Hexes magic.
You cannot study or cast Poison magic.
You cannot study or cast Translocations magic.
You are somewhat unskilled (-1 Apt).


Message History

The emperor scorpion barely misses you. x2
The emperor scorpion claws you but does no damage.
The redback bites you but does no damage.
You thump the emperor scorpion!
The emperor scorpion is severely wounded.
You hit the emperor scorpion but do no damage.
The emperor scorpion is severely wounded.
The emperor scorpion is no longer blind.
The emperor scorpion stings you but does no damage.
The emperor scorpion claws you but does no damage. x2
The redback bites you but does no damage.
You hit the emperor scorpion but do no damage.
The emperor scorpion is severely wounded.
You feel less exhausted. The emperor scorpion stings you!
* * * LOW HITPOINT WARNING * * *
The emperor scorpion claws you.
* * * LOW HITPOINT WARNING * * *
The emperor scorpion claws you!
You die...

...............
####..#.# ..
#..≈......#####...#
..##..#..##..... .#
##...≈##†.....# .
#....≈≈@s.....#
#...##s###...##
#...#... ...# #...
##... .≈# ###.
≈.#.. #.. . ####..
.# #. ..# .#


You could see an emperor scorpion and a redback.

Vanquished Creatures
  An orc warlord (Orc:4)
  Josephine (Orc:3)
  5 hydras
  Erolcha (Orc:2)
  5 death yaks (Lair:7)
  2 orc high priests (Orc:4)
  Sonja (Lair:4)
  An unseen horror (D:10)
  2 hill giants
  A lindwurm (Lair:3)
  A wolf spider (Lair:7)
  3 orc knights
  4 orc sorcerers
  An ugly thing (D:11)
  3 griffons
  A hornet (Lair:8)
  11 black mambas
  A centaur zombie (D:11)
  A guardian serpent (Lair:8)
  A manticore (D:11)
  11 spiny frogs
  2 gargoyles
  4 elephants (Lair:8)
  5 komodo dragons
  2 fire drakes
  2 spriggan druids (Lair:6)
  4 trolls
  2 two-headed ogres
  A freezing wraith (Lair:5)
  A queen bee (Lair:3)
  7 polar bears
  A boulder beetle (Lair:7)
  4 trapdoor spiders (Lair:4)
  36 yaks
  9 blink frogs
  2 redbacks (Spider:1)
  13 spriggans (Lair:6)
  3 wyverns
  2 deep elf magi
  3 vampire mosquitoes (D:11)
  7 hippogriffs
  2 basilisks
  4 wraiths
  7 wargs
  11 wolves
  4 spiders (Lair:8)
  25 water moccasins
  7 ice beasts (Lair:5)
  35 orc warriors
  15 porcupines
  5 sky beasts
  10 wasps
  2 black bears
  2 phantoms
  6 centaurs
  An eye of draining (D:10)
  A necrophage (D:10)
  10 ogres
  3 big kobolds
  8 crocodiles
  A wyvern zombie (D:11)
  19 giant frogs
  A water moccasin zombie (D:10)
  2 wyvern skeletons
  4 scorpions
  33 killer bees
  6 wights
  An electric eel (Lair:7)
  3 giant frog zombies
  4 jellies
  5 crimson imps
  32 orc priests
  2 centaur skeletons
  2 giant frog skeletons
  6 hounds
  17 worker ants
  7 iguanas
  34 orc wizards
  4 hound skeletons
  31 sheep
  2 hound zombies
  Robin (D:2)
  A shadow imp (D:5)
  18 adders
  19 river rats
  A white imp (Lair:5)
  5 oozes
  An adder zombie (D:5)
  4 worms
  An adder skeleton (D:8)
  250 orcs
  8 giant cockroaches
  14 goblins
  10 hobgoblins
  26 jackals
  4 quokkas
  5 bats
  7 giant geckos
  A giant gecko zombie (D:6)
  8 giant newts
  A jackal skeleton (D:6)
  10 kobolds
  A quokka zombie (D:7)
  9 rats
  A bush (Lair:6)
  2 fungi
  3 plants (Lair:8)
953 creatures vanquished.

Vanquished Creatures (others)
  2 spiny frogs
  A black mamba (Lair:8)
  A spriggan druid (Lair:6)
  A blink frog (Lair:8)
  2 yaks
  A porcupine (Lair:3)
  An ogre (D:8)
  A crocodile (Lair:6)
  2 giant frogs (Lair:1)
  A jelly (D:5)
  3 orc wizards
  A sheep (Lair:7)
  10 orcs
  A quokka (D:5)
  91 fungi
  38 plants
157 creatures vanquished.

Grand Total: 1110 creatures vanquished

Notes
Turn   | Place    | Note
--------------------------------------------------------------
     0 | D:1      | Goblin1989 the Gargoyle Gladiator began the quest for the Orb.
     0 | D:1      | Reached XP level 1. HP: 12/12 MP: 1/1
   124 | D:1      | Reached XP level 2. HP: 17/17 MP: 2/2
   941 | D:2      | Reached skill level 4 in Staves
   961 | D:2      | Reached XP level 3. HP: 21/21 MP: 3/3
  1046 | D:2      | Noticed Robin
  1089 | D:2      | Killed Robin
  1113 | D:2      | Reached XP level 4. HP: 26/26 MP: 4/4
  1212 | D:2      | Found a sparkling altar of Nemelex Xobeh.
  1223 | D:2      | Reached skill level 5 in Staves
  1298 | D:2      | Found a glowing silver altar of Zin.
  1992 | D:3      | Reached XP level 5. HP: 30/30 MP: 5/5
  2380 | D:3      | Noticed an ogre
  2393 | D:3      | Killed an ogre
  2393 | D:3      | Reached skill level 6 in Staves
  2393 | D:3      | Reached XP level 6. HP: 25/35 MP: 6/6
  2515 | D:3      | Found a sacrificial altar of Ru.
  2524 | D:3      | Became a worshipper of Ru the Awakened
  2575 | D:4      | Reached skill level 7 in Staves
  3108 | D:4      | Reached XP level 7. HP: 14/40 MP: 7/7
  3368 | D:4      | Reached skill level 8 in Staves
  4048 | D:5      | Entered Level 5 of the Dungeon
  4083 | D:5      | Noticed barthelm's ghost (experienced GrBe)
  4306 | D:4      | Gained mutation: You are somewhat unskilled (-1 Apt). [Ru sacrifice]
  4306 | D:4      | Reduced skill Throwing to level 1
  4306 | D:4      | Acquired Ru's first power
  4457 | D:4      | Reached XP level 8. HP: 37/44 MP: 8/8
  4695 | D:5      | Reached skill level 9 in Staves
  5871 | D:6      | Reached skill level 10 in Staves
  6451 | D:6      | Reached XP level 9. HP: 52/52 MP: 9/9
  6485 | D:6      | Found an ancient bone altar of Kikubaaqudgha.
  6485 | D:6      | Found a basalt altar of Yredelemnul.
  6677 | D:7      | Reached skill level 5 in Fighting
  6934 | D:7      | Found a flagged portal.
  6947 | Bailey   | Entered a bailey
  7427 | Bailey   | Gained mutation: You cannot read scrolls while threatened. [Ru sacrifice]
  7427 | Bailey   | Acquired Ru's second power
  7427 | Bailey   | Acquired Ru's third power
  9468 | Bailey   | Noticed an orc knight
 10493 | D:7      | Reached XP level 10. HP: 66/66 MP: 10/10
 10603 | D:7      | Found a staircase to the Ecumenical Temple.
 11037 | D:8      | Found a snail-covered altar of Cheibriados.
 11053 | D:8      | Reached skill level 10 in Fighting
 11553 | D:9      | Gained mutation: You cannot study or cast Poison magic. [Ru sacrifice]
 11553 | D:9      | Gained mutation: You cannot study or cast Hexes magic. [Ru sacrifice]
 11553 | D:9      | Gained mutation: You cannot study or cast Translocations magic. [Ru sacrifice]
 11553 | D:9      | Acquired Ru's fourth power
 11805 | D:9      | Reached skill level 11 in Fighting
 12366 | D:9      | Reached skill level 1 in Armour
 12588 | D:9      | Found Yfooh's Magic Scroll Shoppe.
 12630 | D:9      | Bought 3 scrolls of fog for 90 gold pieces
 12630 | D:9      | Bought a scroll of enchant weapon for 112 gold pieces
 12950 | D:10     | Entered Level 10 of the Dungeon
 13300 | D:10     | Found a staircase to the Orcish Mines.
 13336 | D:10     | Noticed a hill giant
 13532 | D:11     | Reached skill level 5 in Armour
 13532 | D:11     | Reached XP level 11. HP: 17/74 MP: 11/11
 13752 | D:11     | Noticed a purple ugly thing
 13770 | D:11     | Killed a purple ugly thing
 14051 | D:11     | Noticed a hill giant
 14066 | D:11     | Killed a hill giant
 14085 | D:11     | Noticed a manticore
 14096 | D:11     | Killed a manticore
 14144 | D:11     | Gained mutation: You cannot drink potions while threatened. [Ru sacrifice]
 14144 | D:11     | Acquired Ru's fifth power
 14479 | D:11     | Found a staircase to the Lair.
 14921 | Lair:1   | Entered Level 1 of the Lair of Beasts
 15408 | Lair:1   | Reached skill level 10 in Armour
 15667 | Lair:1   | Reached skill level 1 in Bows
 15762 | Lair:1   | Found a shattered altar of Ashenzari.
 16330 | Lair:2   | Gained mutation: You cannot be stealthy. [Ru sacrifice]
 16974 | Lair:2   | Reached XP level 12. HP: 80/80 MP: 12/12
 17116 | Lair:3   | Reached skill level 5 in Bows
 18930 | Lair:4   | Noticed Sonja
 18942 | Lair:4   | Killed Sonja
 19065 | Lair:4   | Found a hole to the Spider Nest.
 20009 | Lair:5   | Gained mutation: You are hated by all. [Ru sacrifice]
 20453 | Lair:5   | Reached skill level 10 in Bows
 20625 | Lair:5   | Reached XP level 13. HP: 84/84 MP: 13/13
 20718 | Lair:6   | Found a staircase to the Swamp.
 20848 | Lair:6   | Found a staircase to the Slime Pits.
 22254 | Lair:7   | Reached skill level 12 in Staves
 23709 | Lair:7   | Reached skill level 13 in Staves
 23718 | Lair:7   | Gained mutation: Your large and strong wings let you fly indefinitely. [Gargoyle growth]
 23718 | Lair:7   | Reached XP level 14. HP: 54/90 MP: 14/14
 24205 | Lair:8   | Entered Level 8 of the Lair of Beasts
 24569 | Lair:8   | Reached skill level 14 in Staves
 25102 | D:10     | Killed a hill giant
 25292 | D:10     | Noticed an unseen horror
 25330 | D:10     | Killed an unseen horror
 25647 | Orc:1    | Entered Level 1 of the Orcish Mines
 27289 | Orc:2    | Noticed Erolcha
 27296 | Orc:2    | Killed Erolcha
 27508 | Orc:3    | Found a staircase to the Elven Halls.
 28054 | Orc:3    | Noticed Josephine
 28086 | Orc:3    | Killed Josephine
 28386 | Orc:4    | Entered Level 4 of the Orcish Mines
 28454 | Orc:4    | Found a roughly hewn altar of Beogh.
 28683 | Orc:4    | Found Muetwur's Weapon Shop.
 29377 | Orc:4    | Noticed an orc warlord
 29518 | Orc:4    | Found a roughly hewn altar of Beogh.
 29869 | Orc:4    | Found a roughly hewn altar of Beogh.
 29955 | Orc:4    | Found a roughly hewn altar of Beogh.
 29983 | Orc:4    | Found Tevall's General Store.
 29988 | Orc:4    | Bought the amulet "Ixienou" {Gourm rElec Int+2} for 578 gold pieces
 30194 | Orc:4    | Found Erchathru's Antique Armour Shop.
 30206 | Orc:4    | Killed an orc warlord
 30563 | Orc:4    | Found Disku's Antique Weapon Boutique.
 30564 | Orc:4    | Found a roughly hewn altar of Beogh.
 30572 | Orc:4    | Bought a distressingly furry scale mail for 234 gold pieces
 30572 | Orc:4    | Bought a pair of shimmering boots for 247 gold pieces
 30582 | Orc:4    | Identified the cursed +0 pair of boots "Xovavugh" {Str+3} (You bought it in a shop on level 4 of the Orcish Mines)
 30592 | Orc:4    | Identified the +3 scale mail "Kielabak" {rC+ MR- Regen+} (You bought it in a shop on level 4 of the Orcish Mines)
 30598 | Orc:4    | Bought a runed quarterstaff for 108 gold pieces
 30694 | Orc:4    | Bought a scroll of identify for 24 gold pieces
 30929 | D:9      | Bought a scroll of torment for 112 gold pieces
 30929 | D:9      | Bought a scroll of identify for 30 gold pieces
 30929 | D:9      | Bought 3 scrolls of identify for 90 gold pieces
 31243 | Lair:8   | Reached XP level 15. HP: 73/100 MP: 15/15
 32013 | Lair:8   | Reached skill level 15 in Fighting
 32555 | Swamp:1  | Entered Level 1 of the Swamp
 32652 | Spider:1 | Entered Level 1 of the Spider Nest
 32713 | Spider:1 | Slain by an emperor scorpion

Vault maps used:
D:1:      sevenhm_arrival_forest_fort_small_3, minmay_misc_feat_tower
D:2:      nicolae_overflow_crystal_walls, lemuel_round_altar, uniq_robin
D:3:      nicolae_ru_path_of_blood, gup_sewer_entry_bowl,
          kennysheep_generic_room_13
D:4:      first_bread
D:5:      lemuel_coloured_pillars_altar, serial_park_tiny_2, roderic_lattice_a
D:6:      gammafunk_temple_overflow_wave
D:7:      minmay_temple_entry_fiery, enter_bailey_8
D:8:      cheibriados_altar_1
D:9:      serial_shops, nicolae_shop_statue_plus
D:10:     hiddenorc2_lemuel, serial_undead, serial_undead_b, serial_undead_c,
          serial_undead_e, serial_undead_c
D:11:     lair_0_dummy, blue_anna_alchemist
Lair:1:   basic_altar
Lair:3:   special_room, nicolae_volcano_entry_vermiform, grunt_megastairs_4,
          infiniplex_staircase_pool_2
Lair:4:   spider_nest_entry_webs, minivault_23, st_stairs_6, uniq_sonja
Lair:5:   ice2_lemuel
Lair:6:   forest_paths, swamp_mist_pool, nicolae_slime_entry_slimehenge,
          grunt_forest_large_clearing_hut
Lair:7:   gammafunk_lair_bear_cave
Lair:8:   hangedman_lair_tendril_chambers, serial_bayou_shore_b
Swamp:1:  evilmike_swamp_ruin_house_5
Spider:1: special_room, uniq_louise, uniq_asterion
Orc:1:    mines5_lemuel
Orc:2:    nicolae_orc_damp_corner, uniq_erolcha
Orc:3:    nicolae_orc_pool_cavern, uniq_josephine
Orc:4:    grunt_orc_community_town_hall, grunt_orc_community_big_house_2,
          grunt_orc_community_big_house_2, grunt_orc_community_house_2,
          grunt_orc_community_house_1, grunt_orc_community_house_2,
          grunt_orc_community_house_1, grunt_orc_community_house_3,
          grunt_orc_community_house_1
Bailey:   bailey_polearm_2, bailey

Action                   |  1- 3 |  4- 6 |  7- 9 | 10-12 | 13-15 || total
-------------------------+-------+-------+-------+-------+-------++-------
Melee: Quarterstaff      |    93 |   219 |   646 |  1387 |  2471 ||  4816
 Fire: Longbow           |       |       |       |     4 |     5 ||     9
Throw: Throwing net      |       |       |     3 |       |       ||     3
Invok: Sacrifice Skill   |       |       |     1 |       |       ||     1
       Sacrifice Words   |       |       |     1 |       |       ||     1
       Sacrifice Arcana  |       |       |       |     1 |       ||     1
       Sacrifice Drink   |       |       |       |     1 |       ||     1
       Sacrifice Stealth |       |       |       |     1 |       ||     1
       Apocalypse        |       |       |       |     1 |     4 ||     5
       Sacrifice Love    |       |       |       |     1 |       ||     1
       Draw Out Power    |       |       |       |       |     3 ||     3
 Abil: Fly               |       |       |       |       |     1 ||     1
Evoke: Wand              |       |       |       |       |     5 ||     5
  Use: Scroll            |       |     7 |     5 |     5 |    11 ||    28
       Potion            |       |       |     5 |     2 |     3 ||    10
 Stab: Invisible         |       |       |     2 |    11 |    30 ||    43
       Distracted        |       |       |     2 |     7 |    17 ||    26
       Held in net/web   |       |       |     2 |       |       ||     2
       Paralysed         |       |       |       |    21 |    56 ||    77
       Confused          |       |       |       |       |     1 ||     1
  Eat: Chunk             |     1 |     6 |    12 |    18 |    57 ||    94
       Pizza             |       |       |     1 |     2 |       ||     3
       Royal jelly       |       |       |     1 |       |       ||     1
       Meat ration       |       |       |     2 |     1 |       ||     3
       Beef jerky        |       |       |       |     1 |     3 ||     4
       Bread ration      |       |       |       |     2 |       ||     2
